 Dungeon Crawl Stone Soup version 0.31.0-9-g3a7656b989 (webtiles) character file.

Game seed: 636530820790120227

30 qw the Shooter (level 3, 0/20 HPs)
             Began as a Deep Elf Hunter on Feb 2, 2024.
             Succumbed to an adder's poison
             ... on level 2 of the Dungeon.
             The game lasted 00:00:03 (708 turns).

qw the Shooter (Deep Elf Hunter)                     Turns: 708, Time: 00:00:03

Health: 0/20       AC:  5    Str: 10    XL:     3   Next: 5%
Magic:  5/5        EV: 11    Int: 13    God:
Gold:   91         SH:  0    Dex: 18    Spells: 2/2 levels left

rFire   . . .        a - +0 shortbow
rCold   . . .        (shield currently unavailable)
rNeg    . . .        j - +0 ring mail
rPois   .            (no helmet)
rElec   .            (no cloak)
rCorr   .            (no gloves)
SInv    .            (no boots)
Will    .....        (no amulet)
Stlth   +            (no ring)
HPRegen 0.23/turn    (no ring)
MPRegen 0.09/turn

%: no passive effects
@: lethally poisoned (0 -> -1)
A: no striking features
a: no special abilities


You were on level 2 of the Dungeon.
You visited 1 branch of the dungeon, and saw 2 of its levels.

You collected 91 gold pieces.


   Skills:
 - Level 1.5 Fighting
 + Level 6.6 Ranged Weapons
 - Level 2.4 Dodging
 - Level 1.2 Stealth


You had 2 spell levels left.
You didn't know any spells.
Your spell library was empty.

Inventory:

Hand Weapons
 a - a +0 shortbow (weapon)
Armour
 j - a +0 ring mail (worn)
Potions
 b - a potion of berserk rage {unknown}

Dungeon Overview and Level Annotations

Branches:
Dungeon (2/15)

Altars:


Message History

Done exploring.
675 ||| DROPPING 2 potions of ambrosia.
You drop 2 potions of ambrosia.
Done exploring.
What level of the Dungeon? (default 1, ? - help)
There is a stone staircase leading down here.
You climb downwards.
There is a stone staircase leading up here.
Waypoint 1 assigned to D:2.
Found a ring mail.
You see here a +0 ring mail.
A ball python comes into view.
You shoot an arrow. The arrow hits the ball python.
You kill the ball python!
b - a purple potion A kobold comes into view.
It is wielding a +0 whip.
The kobold shouts!
The kobold moves out of view.
An adder comes into view.
The adder hisses angrily.
You shoot an arrow. The arrow barely misses the adder.
You shoot an arrow. The arrow hits the adder.
The adder is moderately wounded.
You shoot an arrow. The arrow closely misses the adder.
You shoot an arrow. The arrow barely misses the adder.
The adder bites you but does no damage. The adder bites you.
You are poisoned.
The adder poisons you! The kobold misses you.
You shoot an arrow. The arrow closely misses the adder.
You feel sick. The adder barely misses you.
The kobold hits you but does no damage.
You shoot an arrow. The arrow hits the adder.
The adder is moderately wounded.
You feel sick. The adder closely misses you. The adder bites you.
The kobold hits you but does no damage.
You shoot an arrow. The arrow closely misses the adder.
You feel sick. The adder bites you. The kobold hits you with a +0 whip.
The adder bites you.
You shoot an arrow. The arrow hits the adder.
The adder is heavily wounded.
You die...

.. # #..# .. ... #
.#...##.#
..#.##.......
#.#.#......
#.#.....# #..$...#
#...K..# #.S@...#
#......##
#.#......######
#.#.#...........
..#.##........###
....##.#.........#
......#.#.....[#.#
.......##......#.#
.........#.....#<#


You could see an adder and a kobold.

Vanquished Creatures
  3 bats (D:1)
  4 endoplasms (D:1)
  A giant cockroach (D:1)
  5 goblins (D:1)
  3 hobgoblins (D:1)
  3 kobolds (D:1)
  4 ball pythons
  A frilled lizard (D:1)
  3 rats (D:1)
27 creatures vanquished.

Notes
Turn   | Place    | Note
-------+----------+-------------------------------------------
     0 | D:1      | qw the Deep Elf Hunter began the quest for the Orb.
     0 | D:1      | Reached XP level 1. HP: 12/12 MP: 3/3
     0 | D:1      | 0 ||| qw: Version: 0.3-a-155-g5e7d8dd
     0 | D:1      | 0 ||| qw: Game counter: 2557
     0 | D:1      | 0 ||| qw: Melee chars always use a shield: true
     0 | D:1      | 0 ||| qw: God list: Okawaru
     0 | D:1      | 0 ||| qw: Allow faded altars: false
     0 | D:1      | 0 ||| qw: Do Orc after clearing Dungeon:15 true
     0 | D:1      | 0 ||| qw: Do second Lair branch before Depths: true
     0 | D:1      | 0 ||| qw: Lair rune preference: random
     0 | D:1      | 0 ||| qw: Goals: Normal
     0 | D:1      | 0 ||| PLANNING D:1-11
   117 | D:1      | HP: 3/12 [goblin/+0 dagger (1)]
   178 | D:1      | Reached XP level 2. HP: 12/16 MP: 4/4
   206 | D:1      | Reached skill level 6 in Ranged Weapons
   619 | D:1      | Reached XP level 3. HP: 20/20 MP: 5/5
   652 | D:1      | 652 ||| UPGRADING to +0 ring mail.
   662 | D:1      | 662 ||| DROPPING +0 leather armour.
   663 | D:1      | 663 ||| DROPPING ring of flight.
   664 | D:1      | 664 ||| READING scroll labelled ZAC DIDDAUFRI.
   665 | D:1      | 665 ||| READING 2 scrolls labelled WAVIAX UWEI.
   665 | D:1      | 665 ||| IDENTIFYING fizzy cyan potion
   666 | D:1      | 666 ||| READING scroll of identify.
   666 | D:1      | 666 ||| IDENTIFYING 2 metallic inky potions
   667 | D:1      | 667 ||| READING scroll labelled GOLIRH EGODDI.
   671 | D:1      | 671 ||| READING scroll labelled XIEMI IRROTUEP.
   672 | D:1      | 672 ||| READING scroll labelled ULIOTI QATHO.
   673 | D:1      | 673 ||| DROPPING scroll of butterflies.
   674 | D:1      | 674 ||| DROPPING potion of attraction.
   675 | D:1      | 675 ||| DROPPING 2 potions of ambrosia.
   707 | D:2      | HP: 4/20 [kobold/+0 whip (4)]
   708 | D:2      | Succumbed to an adder's poison

Levels and vault maps discovered:
D:1:      dpeg_chamrin_arrival_tetris, layout_basic
D:2:      minmay_inner_zag, layout_loops_ring, minmay_misc_feat_secret_circle,
          kennysheep_cross_bottleneck, reono_crystal_passage,
          grunt_decor_fettered

Skill      XL: |  1  2 |
---------------+-------+-----
Ranged Weapons | 6 |  6.6
Fighting       | |  1.5
Dodging        | |  2.4
Stealth        | |  1.2

Action                     || total
---------------------------++-------
   Fire: Shortbow          ||    76
    Use: Scroll            ||     6
 Armour: Leather armour    ||    19
         Ring mail         ||     8
  Dodge: Dodged            ||    15

Table legend:
 A = Non-vault XP
 B = Vault XP
 C = Vault XP percentage of total XP
 D = Non-vault monster count
 E = Vault monster count
 F = Vault count percentage of total count
                 A         B        C        D         E       F
            +---------+---------+-------+---------+---------+-------
      Total |      44 |       0 |   0.0 |      27 |       0 |   0.0
            +---------+---------+-------+---------+---------+-------
        D:1 |      42 |       0 |   0.0 |      26 |       0 |   0.0
        D:2 |       2 |       0 |   0.0 |       1 |       0 |   0.0
            +---------+---------+-------+---------+---------+-------
